 Dungeon Crawl Stone Soup version 0.25.1-2-g60ff931df9 (webtiles) character file.

Game seed: 12807898209965767

175 Martska the Covered (level 5, -3/47 HPs)
             Began as a Minotaur Fighter on Oct 10, 2020.
             Slain by an ogre
             ... wielding a +0 giant spiked club
              (22 damage)
             ... on level 4 of the Dungeon.
             The game lasted 00:05:27 (2763 turns).

Martska the Covered (Minotaur Fighter)              Turns: 2763, Time: 00:05:28

Health: -3/47      AC:  8    Str: 20    XL:     5   Next: 29%
Magic:  4/4        EV:  8    Int:  5    God:
Gold:   137        SH:  9    Dex: 11    Spells: 4/4 levels left

rFire    + . .     SeeInvis .   a - +0 war axe
rCold    . . .     Gourm    .   c - +0 kite shield
rNeg     . . .     Faith    .   b - +1 scale mail
rPois    .         Spirit   .   (helmet restricted)
rElec    .         Reflect  .   (no cloak)
rCorr    +         Harm     .   (no gloves)
MR       .....                  (no boots)
Stlth    ..........             r - amulet of inaccuracy (curse)
HPRegen  0.15/turn              o - ring of protection from fire
MPRegen  0.09/turn              m - ring of resist corrosion

@: no status effects
A: retaliatory headbutt, horns 2
a: no special abilities


You were on level 4 of the Dungeon.
You were not hungry.

You visited 1 branch of the dungeon, and saw 4 of its levels.

You collected 137 gold pieces.

Inventory:

Hand Weapons
 a - a +0 war axe (weapon)
Armour
 b - a +1 scale mail (worn)
 c - a +0 kite shield (worn)
Jewellery
 i - a -4 ring of evasion
 m - a ring of resist corrosion (right hand)
 o - a ring of protection from fire (left hand)
 q - an uncursed amulet of the acrobat
 r - a cursed amulet of inaccuracy (around neck)
Scrolls
 e - a scroll of random uselessness {unknown}
 h - 2 scrolls of identify {unknown}
 k - a scroll of teleportation {unknown}
 s - a scroll of amnesia
 t - a scroll of noise {unknown}
 u - a scroll of remove curse
Potions
 d - a potion of might
 g - 3 potions of mutation {unknown}
 j - a potion of stabbing {unknown}
 l - a potion of ambrosia {unknown}
 n - a potion of degeneration {unknown}
 p - a potion of curing {unknown}
Comestibles
 f - 2 rations


   Skills:
 * Level 4.7 Fighting
 * Level 3.9 Axes
 * Level 4.8 Armour
 * Level 2.6 Dodging
 - Level 3.6 Shields


You had 4 spell levels left.
You didn't know any spells.
Your spell library was empty.

Dungeon Overview and Level Annotations

Branches:
Dungeon (4/15)
 Temple: D:4-7

Altars:


Innate Abilities, Weirdness & Mutations

You reflexively headbutt those who attack you in melee.
You have a pair of horns on your head.


Message History

An orc comes into view. It is wielding a +0 dagger.
The ogre moves out of view.
You barely miss the leopard gecko. You headbutt the leopard gecko.
The leopard gecko is almost dead.
You block the leopard gecko's attack.
You miss the leopard gecko. Your headbutt misses the leopard gecko.
The leopard gecko is almost dead.
The leopard gecko bites you.
A leopard gecko comes into view.
The leopard gecko barely misses you.
The leopard gecko hisses angrily.
You slash the leopard gecko!
You kill the leopard gecko!
Your shield and scale mail prevent you from hitting the ogre.
The ogre hits you with a +0 giant spiked club!!
Ouch! That really hurt!
You are too injured to fight recklessly!
You are too injured to fight recklessly!
The ogre hits you with a +0 giant spiked club!!
You die...

#.#####.#
#.......#.#.....# +......
#.#.##### ...... #.#.#..(#
...>. #.#.#.#.#
...#.#.#.#.#.# .
..#.#.#.#.#.# ...
#...#.#.#.#.######
#...####@###.#.#.........
#...o.O.....#.###.####.#
.......##+#####.....####.#
....... #<.........#
....... ############
.#..... #...l. #.....
#.....


You could see an ogre and an orc.

Vanquished Creatures
  A hound (D:2)
  2 orc priests (D:3)
  An adder (D:2)
  An ooze (D:3)
  2 worms (D:2)
  2 dart slugs (D:2)
  2 leopard geckos
  3 orcs (D:2)
  A ball python (D:1)
  5 giant cockroaches
  3 hobgoblins
  3 jackals (D:3)
  9 bats
  2 frilled lizards
  6 goblins
  10 kobolds
  12 rats
65 creatures vanquished.

Notes
Turn   | Place    | Note
-------+----------+-------------------------------------------
     0 | D:1      | Martska the Minotaur Fighter began the quest for the Orb.
     0 | D:1      | Reached XP level 1. HP: 19/19 MP: 0/0
   171 | D:1      | Reached XP level 2. HP: 14/27 MP: 1/1
   415 | D:1      | Reached skill level 1 in Dodging
   944 | D:2      | Reached XP level 3. HP: 33/33 MP: 2/2
  1366 | D:2      | Reached XP level 4. HP: 41/41 MP: 3/3
  2163 | D:3      | Reached XP level 5. HP: 8/47 MP: 4/4
  2758 | D:4      | Noticed an ogre
  2763 | D:4      | Slain by an ogre

Illustrated notes

Levels and vault maps discovered:
D:1:      tarquinn_simple_flora_water_c, layout_basic
D:2:      minmay_door_path, layout_loops_ring
D:3:      layout_loops_ring, gup_sewer_entry_glass, kennysheep_minor_cross,
          kennysheep_generic_room_4
D:4:      layout_basic, tgw_trog, makhleb_blood_cavern_becter, uniq_grinder,
          uniq_ijyb

Skill      XL: |  1  2  3 |
---------------+----------+-----
Dodging        | 1 2 |  2.6
Armour         | 4 |  4.8
Fighting       | 4 |  4.7
Axes           | 3 |  3.9
Shields        | |  3.6

Action                   |  1- 3 |  4- 6 || total
-------------------------+-------+-------++-------
Melee: War axe           |    87 |    56 ||   143
       Headbutt          |    13 |     8 ||    21
  Use: Scroll            |     5 |       ||     5
  Eat: Chunk             |     2 |     2 ||     4
       Ration            |       |     1 ||     1
Armor: Scale mail        |    54 |    31 ||    85
Dodge: Dodged            |    25 |    23 ||    48
Block: Kite shield       |    38 |    37 ||    75
